 Dungeon Crawl Stone Soup version 0.31-a0-204-g7da18cac08 (webtiles) character file.

Game seed: 15895829895774717078

6 qw the Shooter (level 1, -2/12 HPs)
             Began as a Deep Elf Hunter on June 27, 2023.
             Slain by a hobgoblin (3 damage)
             ... on level 1 of the Dungeon.
             The game lasted 00:00:04 (123 turns).

qw the Shooter (Deep Elf Hunter)                     Turns: 123, Time: 00:00:04

Health: -2/12      AC:  3    Str:  8    XL:     1   Next: 75%
Magic:  3/3        EV: 12    Int: 13    God:
Gold:   11         SH:  0    Dex: 18    Spells: 0/0 levels left

rFire   . . .        a - +0 shortbow
rCold   . . .        (shield currently unavailable)
rNeg    . . .        c - +0 leather armour
rPois   .            (no helmet)
rElec   .            (no cloak)
rCorr   .            (no gloves)
SInv    .            (no boots)
Will    .....        (no amulet)
Stlth   ++           (no ring)
HPRegen 0.22/turn    (no ring)
MPRegen 0.08/turn

%: no passive effects
@: no status effects
A: no striking features
a: no special abilities


You were on level 1 of the Dungeon.
You visited 1 branch of the dungeon, and saw 1 of its levels.

You collected 11 gold pieces.


   Skills:
 - Level 1.5 Fighting
 + Level 5.8 Ranged Weapons
 - Level 2.4 Dodging
 - Level 1.2 Stealth


You couldn't memorise any spells.
You didn't know any spells.
Your spell library was empty.

Inventory:

Hand Weapons
 a - a +0 shortbow (weapon)
Armour
 c - a +0 leather armour (worn)
Scrolls
 b - a scroll of butterflies
 d - a scroll of fog {unknown}
Potions
 e - a potion of heal wounds {unknown}
 f - a potion of magic {unknown}

Dungeon Overview and Level Annotations

Branches:
Dungeon (1/15)

Altars:


Message History

An endoplasm comes into view.
You shoot an arrow. The arrow misses the quokka.
The quokka closely misses you.
You shoot an arrow.
The arrow hits the goblin but does no damage.
The quokka misses you. The goblin completely misses you.
You shoot an arrow. The arrow hits the goblin.
The goblin is heavily wounded.
The quokka closely misses you. The goblin barely misses you.
The hobgoblin barely misses you.
A goblin comes into view. It is wielding a +0 club.
The quokka bites you.
You shoot an arrow. The goblin shouts!
The arrow hits the goblin.
The goblin is severely wounded.
The goblin closely misses you. The hobgoblin barely misses you.
The quokka completely misses you.
You shoot an arrow. The arrow hits the goblin!
You kill the goblin!
The quokka bites you. The hobgoblin closely misses you.
The quokka closely misses you. The frilled lizard closely misses you.
The hobgoblin misses you.
You shoot an arrow. The arrow misses the frilled lizard.
The quokka misses you. The frilled lizard barely misses you.
The hobgoblin hits you.
You shoot an arrow. The arrow hits the frilled lizard!
You kill the frilled lizard!
The quokka closely misses you. The hobgoblin barely misses you.
The quokka misses you.
You shoot an arrow. The arrow hits the endoplasm.
The endoplasm is almost dead.
The endoplasm freezes you.
You are frozen.
The hobgoblin hits you but does no damage.
The quokka bites you.
You shoot an arrow. The arrow hits the endoplasm.
You kill the endoplasm!
The quokka bites you. The hobgoblin hits you.
You die...

...######
........#
.#.####.# .#.# #.#
.#.#
#.################
.#.#
#.................
.#.#
##########.##.####
##.# #######.##
#.. #.....r@)#
#......%gg.....
#...###.##.##.#
... #.# ... ## #!.
.#.# ### # # .8.#
%..# %..#


You could see a quokka, a hobgoblin and a goblin.

Vanquished Creatures
  2 endoplasms (D:1)
  A goblin (D:1)
  A ball python (D:1)
  2 bats (D:1)
  A frilled lizard (D:1)
  A rat (D:1)
8 creatures vanquished.

Notes
Turn   | Place    | Note
-------+----------+-------------------------------------------
     0 | D:1      | qw the Deep Elf Hunter began the quest for the Orb.
     0 | D:1      | Reached XP level 1. HP: 12/12 MP: 3/3
     0 | D:1      | 0 ||| qw: Version: 0.3-a-22-g0ed2b0b
     0 | D:1      | 0 ||| qw: Game counter: 6628
     0 | D:1      | 0 ||| qw: Melee chars always use a shield: true
     0 | D:1      | 0 ||| qw: God list: Okawaru
     0 | D:1      | 0 ||| qw: Allow faded altars: false
     0 | D:1      | 0 ||| qw: Do Orc after clearing Dungeon:15 true
     0 | D:1      | 0 ||| qw: Do second Lair branch before Depths: true
     0 | D:1      | 0 ||| qw: Lair rune preference: random
     0 | D:1      | 0 ||| qw: Goals: Normal
     0 | D:1      | 0 ||| PLANNING D:1-11
   122 | D:1      | HP: 3/12 [quokka (1)]
   123 | D:1      | HP: 1/12 [quokka (3)]
   123 | D:1      | Slain by a hobgoblin

Levels and vault maps discovered:
D:1:      giann_forest_graveyard, layout_loops_ring

Action                     || total
---------------------------++-------
   Fire: Shortbow          ||    22
 Armour: Leather armour    ||     3
  Dodge: Dodged            ||    21

Table legend:
 A = Non-vault XP
 B = Vault XP
 C = Vault XP percentage of total XP
 D = Non-vault monster count
 E = Vault monster count
 F = Vault count percentage of total count
                 A         B        C        D         E       F
            +---------+---------+-------+---------+---------+-------
      Total |      11 |       0 |   0.0 |       8 |       0 |   0.0
            +---------+---------+-------+---------+---------+-------
        D:1 |      11 |       0 |   0.0 |       8 |       0 |   0.0
            +---------+---------+-------+---------+---------+-------
